Map: Automaton LE

Players

Jamtycle

  • Race: Terran Terran
  • Spawn Location: 3:00

Throwfordays - Winner!

  • Race: Terran Terran
  • League: Silver
  • Spawn Location: 9:00

VOD

Have the link to the VOD?

Description

Time

  • Played on: May 12, 2019, 3:23 p.m.
  • Length: 10:24
Show
View Real Time Build Order
Export as new Build Order

Jamtycle Terran 

Build Orders: Reaper Expand 

Get SALT Encoding   

  12  0:03  SCV  
  13  0:18  Supply Depot  
  13  0:19  SCV  
  14  0:31  SCV  
  15  0:43  Barracks  
  15  0:44  SCV  
  15  0:48  Refinery  
  16  0:56  SCV  
  17  1:08  SCV  
  18  1:30  Orbital Command  
  18  1:32  Supply Depot  
  18  1:35  Reaper  
  18  1:39  Refinery  
  18  2:07  Reaper  
  19  2:12  SCV  
  20  2:23  Command Center  
  20  2:24  SCV  
  21  2:37  SCV  
  21  2:39  Barracks Reactor  
  22  2:49  SCV  
  23  3:00  Factory  
  23  3:02  SCV  
  24  3:14  SCV  
  24  3:39  Marine x2  
  26  3:45  Starport  
  26  3:46  Factory Tech Lab  
  26  3:52  SCV  
  27  3:57  Marine x2  
  27  3:59  SCV  
  30  4:04  SCV  
  30  4:09  Engineering Bay  
  31  4:16  SCV  
  32  4:19  Marine x2  
  32  4:23  SCV  
  35  4:28  SCV  
  36  4:32  Medivac  
  36  4:35  SCV  
  36  4:37  Marine x2  
  41  4:40  SCV  
  41  4:45  Missile Turret  
  42  4:47  SCV  
  42  4:52  SCV  
  44  4:59  SCV  
  45  5:06  Missile Turret  
  45  5:22  Medivac  
  45  5:25  Supply Depot  
  47  5:29  Siege Tank  
  50  5:40  Missile Turret  
  50  5:49  Supply Depot  
  50  5:51  SCV x2  
  50  5:52  Missile Turret  
  50  5:55  Refinery  
  52  5:57  Refinery  
  52  6:01  Siege Tank  
  55  6:16  Orbital Command  
  55  6:26  SCV  
  56  6:33  Armory, Siege Tank  
  56  6:34  Fusion Core  
  56  6:38  SCV  
  60  6:43  Missile Turret  
  60  6:44  Missile Turret  
  60  6:45  SCV  
  61  6:56  Barracks  
  61  6:57  SCV  
  62  7:05  Missile Turret  
  62  7:20  Weapon Refit  
  62  7:23  Starport Tech Lab  
  62  7:28  Starport  
  62  7:31  SCV x2  
  62  7:36  Marine  
  65  7:37  Marine  
  65  7:41  Command Center  
  66  7:44  Command Center  
  66  7:48  Terran Infantry Weapons Level 1  
  66  7:52  Barracks Tech Lab  
  66  7:54  Marine x2  
  68  8:00  Factory  
  68  8:10  Terran Ship Weapons Level 1  
  68  8:11  Starport Tech Lab  
  68  8:12  Marine x2  
  70  8:40  Stimpack  
  70  8:44  Sensor Tower  
  70  8:53  Factory Tech Lab  
  70  8:55  Marine x3  
  70  8:56  SCV x2, Battlecruiser  
  81  9:06  Barracks  
  81  9:08  SCV x2  
  83  9:13  Marine  
  84  9:31  Marine  
  85  9:38  Planetary Fortress  
  85  10:00  Marine x3  
Show
View Real Time Build Order
Export as new Build Order

Throwfordays Terran - Winner!

Build Orders:  

Get SALT Encoding   

  12  0:00  SCV  
  13  0:15  Supply Depot  
  13  0:18  SCV  
  14  0:31  SCV  
  15  0:39  Barracks  
  15  0:43  SCV  
  15  0:49  Refinery  
  16  0:55  SCV  
  17  0:59  Refinery  
  17  1:09  SCV  
  18  1:21  SCV  
  19  1:28  Marine  
  19  1:29  Supply Depot  
  20  1:53  Supply Depot  
  20  2:04  Command Center  
  20  2:13  Marine, Supply Depot  
  22  2:17  Orbital Command  
  21  2:31  Factory  
  21  2:45  Engineering Bay  
  21  2:46  SCV  
  22  2:58  SCV  
  23  3:03  Barracks Tech Lab  
  22  3:22  Hellion  
  23  3:30  Terran Infantry Weapons Level 1  
  23  3:31  Marine  
  24  3:41  SCV  
  25  3:43  SCV  
  25  3:46  Refinery  
  26  3:48  Marine, Factory Tech Lab  
  26  3:55  SCV  
  28  4:00  SCV  
  29  4:07  SCV  
  30  4:10  Marine, Barracks  
  30  4:12  SCV  
  32  4:19  SCV  
  33  4:24  SCV  
  33  4:28  Marine  
  33  4:29  Hellion  
  33  4:31  SCV, Infernal Pre-Igniter  
  38  4:36  SCV  
  39  4:43  SCV  
  40  4:46  Marine  
  40  4:50  Combat Shield  
  40  4:51  Hellion  
  43  4:55  SCV  
  44  5:00  Supply Depot  
  44  5:02  Starport  
  44  5:04  Marine, SCV  
  46  5:07  SCV  
  47  5:17  Barracks Reactor  
  47  5:19  SCV  
  48  5:21  Marine  
  48  5:23  Supply Depot  
  49  5:31  SCV  
  49  5:32  SCV  
  49  5:34  Refinery  
  51  5:37  Terran Infantry Armor Level 1  
  51  5:39  Marine  
  51  5:40  Starport Tech Lab  
  52  5:44  SCV x2  
  52  5:45  Supply Depot  
  52  5:46  Armory  
  54  5:56  SCV x2  
  56  5:57  Marine  
  57  6:08  SCV  
  57  6:09  Supply Depot  
  58  6:12  Cloaking Field  
  58  6:14  Banshee  
  58  6:15  Marine  
  62  6:20  SCV  
  62  6:22  Missile Turret  
  63  6:26  SCV  
  64  6:33  Marine, SCV  
  64  6:34  Supply Depot  
  64  6:36  Marine x2  
  64  6:39  SCV  
  70  6:51  Marine, SCV, Orbital Command  
  70  6:54  Marine x2  
  73  7:03  SCV  
  73  7:04  Siege Tank  
  77  7:08  Marine, Terran Ship Weapons Level 1  
  77  7:10  Banshee  
  77  7:11  Marine  
  77  7:12  Marine  
  83  7:16  Starport  
  83  7:17  Supply Depot  
  83  7:26  Marine  
  83  7:29  Marine x2  
  85  7:36  Siege Tank  
  89  7:44  Marine  
  89  7:46  Missile Turret  
  89  7:47  Supply Depot, Stimpack  
  89  7:49  Terran Infantry Weapons Level 2  
  90  7:52  Marine x2  
  90  7:55  Missile Turret  
  92  8:01  Starport Tech Lab  
  92  8:04  Hyperflight Rotors  
  92  8:10  Marine x2  
  94  8:12  Sensor Tower  
  94  8:20  Fusion Core  
  94  8:21  Banshee  
  94  8:24  SCV  
  94  8:26  Supply Depot  
  98  8:27  Marine  
  98  8:28  Marine  
  100  8:38  Command Center  
  100  8:45  Marine x2  
  100  8:46  Supply Depot  
  102  8:50  Supply Depot  
  102  8:59  Sensor Tower  
  102  9:07  Command Center  
  102  9:23  Liberator x2  
Tags
 
League
Silver
Matchup
TvT
Race
Terran
Replay Pack
Multiplayer
Spawn Locations
Cross Positions
Add a new tag
Caveats
  • Supply blocks, unpowered buildings, or Contaminate may cause inaccurate times.
  • Supply counts are checked every 10 seconds.